 Dungeon Crawl Stone Soup version 0.28-a0-657-g71136c5590 (webtiles) character file.

Game seed: 8118173622722810321

1066 KristoblXynda the Ducker (level 8, -2/63 HPs)
             Began as a Gnoll Gladiator on Oct 13, 2021.
             Was a Follower of Okawaru.
             Blown up by Maggie (27 damage)
             ... with a mindburst bolt
             ... on level 6 of the Dungeon.
             The game lasted 00:07:09 (6789 turns).

KristoblXynda the Ducker (Gnoll Gladiator)          Turns: 6789, Time: 00:07:10

Health: -2/63      AC:  7    Str: 20    XL:     8   Next: 28%
Magic:  12/12      EV: 13    Int: 10    God:    Okawaru [*.....]
Gold:   189        SH:  0    Dex: 13    Spells: 13/13 levels left

rFire   . . .      SeeInvis .   a - +0 long sword
rCold   . . .      Faith    .   (no shield)
rNeg    . . .      Spirit   .   k - +0 ring mail
rPois   .          Reflect  .   c - +0 helmet
rElec   .          Harm     .   p - +0 cloak
rCorr   .          Rampage  .   (no gloves)
Will    .....                   (no boots)
Stlth   ++........              (no amulet)
HPRegen 0.20/turn               m - +6 ring of strength
MPRegen 0.13/turn               (no ring)

@: no status effects
A: fangs 1, strong nose, distributed training
a: Renounce Religion, Heroism


You were on level 6 of the Dungeon.
You worshipped Okawaru.
Okawaru was aware of your devotion.
You visited 2 branches of the dungeon, and saw 7 of its levels.

You collected 189 gold pieces.

Inventory:

Hand Weapons
 a - a +0 long sword (weapon)
Missiles
 d - 2 throwing nets (quivered)
Armour
 c - a +0 helmet (worn)
 k - a +0 ring mail (worn)
 p - a +0 cloak (worn)
Jewellery
 m - a +6 ring of strength (left hand)
Scrolls
 e - 2 scrolls of blinking
 g - a scroll of teleportation
 l - a scroll of magic mapping {unknown}
 n - a scroll of enchant armour {unknown}
 o - a scroll of amnesia {unknown}
 t - a scroll of summoning {unknown}
Potions
 b - a potion of invisibility {unknown}
 f - 2 potions of magic {unknown}
 h - a potion of lignification
 i - a potion of haste {unknown}
 j - 2 potions of attraction
 q - a potion of berserk rage {unknown}
 r - a potion of resistance {unknown}
 s - a potion of might {unknown}


   Skills:
 + Level 5.6 Fighting
 + Level 3.1 Short Blades
 + Level 7.3 Long Blades
 + Level 3.1 Axes
 + Level 3.1 Maces & Flails
 + Level 3.1 Polearms
 + Level 3.1 Staves
 + Level 3.1 Slings
 + Level 3.1 Bows
 + Level 3.1 Crossbows
 + Level 5.6 Throwing
 + Level 3.1 Armour
 + Level 7.3 Dodging
 + Level 3.1 Stealth
 + Level 3.1 Shields
 + Level 3.1 Unarmed Combat
 + Level 3.1 Spellcasting
 + Level 2.5 Conjurations
 + Level 2.5 Hexes
 + Level 2.5 Summonings
 + Level 2.5 Necromancy
 + Level 2.5 Translocations
 + Level 2.5 Transmutations
 + Level 2.5 Fire Magic
 + Level 2.5 Ice Magic
 + Level 2.5 Air Magic
 + Level 2.5 Earth Magic
 + Level 2.5 Poison Magic
 + Level 3.4 Invocations
 + Level 3.1 Evocations


You had 13 spell levels left.
You didn't know any spells.
Your spell library contained the following spells:

 Spells                   Type           Power      Damage    Failure   Level
 Apportation              Tloc           12%        N/A       17%         1
 Slow                     Hex            6%         N/A       26%         2
 Confusing Touch          Hex            6%         N/A       45%         3
 Conjure Flame            Conj/Fire      6%         6-21      45%         3
 Ignite Poison            Fire/Tmut/Pois 6%         N/A       45%         3
 Portal Projectile        Hex/Tloc       12%        N/A       45%         3
 Leda's Liquefaction      Hex/Erth       3%         N/A       86%         4
 Sticky Flame             Conj/Fire      6%         2d3       86%         4
 Yara's Violent Unravell  Hex/Tmut       3%         3d4       99%         5
 Animate Skeleton         Necr           Unusable   N/A       N/A         1
 Summon Small Mammal      Summ           Unusable   N/A       N/A         1
 Call Canine Familiar     Summ           Unusable   N/A       N/A         3

Dungeon Overview and Level Annotations

Branches:
Dungeon (6/15)             Temple (1/1) D:4

Altars:
Ashenzari
Cheibriados
Dithmenos
Elyvilon
Fedhas
Gozag
Kikubaaqudgha
Makhleb
Okawaru
Ru
Sif Muna
Uskayaw
Vehumet
Wu Jian
Xom
Yredelemnul
Zin
The Shining One

Shops:
D:1 :

Annotations:
D:6 Maggie, Prince Ribbit


Innate Abilities, Weirdness & Mutations

You have very sharp teeth.
Your uncanny sense of smell can sniff out nearby items.
Your experience applies equally to all skills.


Message History

You kill the jelly!
Okawaru accepts your kill.
No target in view!
Maggie shouts!
You hear a shout!
Prince Ribbit comes into view.
Prince Ribbit croaks.
There are monsters nearby!
Maggie closely misses you.
Throw: 3 throwing nets
Press: ? - help, Q - select action, (/) - cycle Shift-Dir - straight line, f - Maggie
Aim: Maggie, wielding a +2 war axe of flaming, wearing +0 acid dragon scales and carrying a wand of mindburst (14) (62% to hit)
You throw a throwing net. The throwing net hits Maggie.
Maggie is caught in the net!
Maggie struggles against the net.
You slash Maggie!
Maggie is lightly wounded.
Prince Ribbit barely misses you.
Maggie struggles against the net.
Prince Ribbit closely misses you.
You catch the helpless Maggie completely off-guard!
You hit Maggie but do no damage. You punch Maggie.
Maggie is lightly wounded.
Maggie points at you and mumbles some strange words.
The bolt of fire hits you!!
Maggie struggles against the net.
Prince Ribbit blinks!
You catch the helpless Maggie completely off-guard!
You hit Maggie but do no damage.
Maggie is lightly wounded.
You catch the helpless Maggie completely off-guard!
You hit Maggie.
Maggie is moderately wounded.
Maggie zaps a wand.
Your mind is blasted!
Maggie struggles against the net.
You hit Maggie but do no damage.
Maggie is moderately wounded.
You hit Maggie but do no damage.
Maggie is moderately wounded.
Maggie struggles against the net.
Prince Ribbit hits you!
You slash Maggie! You bite Maggie.
Maggie is heavily wounded.
Maggie zaps a wand.
Your mind is blasted!
You die...

.. ###.# ###....
..[...####...# #......
...........#.# ..##...
.....####..#.# ..#####..
..... #.#..# .........
...... ##...###.........
......##.............†..
.......#......##........
#@@......##........
#..F#......##........
#.....................#
##....................#
##..........#...#...##
#.........[...
#..^......#..
#............


You could see Maggie (caught) and Prince Ribbit.

Vanquished Creatures
  A sky beast (D:5)
  A black bear (D:4)
  2 ogres (D:5)
  A phantom (D:5)
  A bullfrog (D:5)
  A scorpion (D:4)
  A jelly (D:6)
  A centaur skeleton (D:6)
  2 hounds
  3 orc priests
  A bullfrog skeleton (D:5)
  3 iguanas
  A hound skeleton (D:5)
  A gnoll (D:1)
  5 adders
  2 shadow imps (D:5)
  3 worms
  2 dart slugs
  17 orcs
  2 ball pythons
  7 bats
  6 endoplasms
  6 giant cockroaches
  13 goblins
  7 hobgoblins
  5 quokkas
  5 frilled lizards
  A jackal skeleton (D:4)
  7 kobolds
  5 rats
113 creatures vanquished.

Notes
Turn   | Place    | Note
-------+----------+-------------------------------------------
     0 | D:1      | KristoblXynda the Gnoll Gladiator began the quest for the
                  | Orb.
     0 | D:1      | Reached XP level 1. HP: 20/20 MP: 1/1
   263 | D:1      | Reached XP level 2. HP: 26/26 MP: 2/2
   393 | D:1      | Found Lumuttoe's Book Shop.
   517 | D:1      | Reached XP level 3. HP: 7/31 MP: 3/3
  1444 | D:2      | Reached skill level 1 in Invocations
  1773 | D:2      | Reached skill level 1 in Short Blades
  1773 | D:2      | Reached skill level 1 in Axes
  1773 | D:2      | Reached skill level 1 in Maces & Flails
  1773 | D:2      | Reached skill level 1 in Polearms
  1773 | D:2      | Reached skill level 1 in Staves
  1773 | D:2      | Reached skill level 1 in Slings
  1773 | D:2      | Reached skill level 1 in Bows
  1773 | D:2      | Reached skill level 1 in Crossbows
  1773 | D:2      | Reached skill level 1 in Armour
  1773 | D:2      | Reached skill level 1 in Stealth
  1773 | D:2      | Reached skill level 1 in Shields
  1773 | D:2      | Reached skill level 1 in Unarmed Combat
  1773 | D:2      | Reached skill level 1 in Spellcasting
  1773 | D:2      | Reached skill level 1 in Evocations
  1773 | D:2      | Reached XP level 4. HP: 27/38 MP: 5/5
  2189 | D:2      | Reached skill level 1 in Conjurations
  2189 | D:2      | Reached skill level 1 in Hexes
  2189 | D:2      | Reached skill level 1 in Summonings
  2189 | D:2      | Reached skill level 1 in Necromancy
  2189 | D:2      | Reached skill level 1 in Translocations
  2189 | D:2      | Reached skill level 1 in Transmutations
  2189 | D:2      | Reached skill level 1 in Fire Magic
  2189 | D:2      | Reached skill level 1 in Ice Magic
  2189 | D:2      | Reached skill level 1 in Air Magic
  2189 | D:2      | Reached skill level 1 in Earth Magic
  2189 | D:2      | Reached skill level 1 in Poison Magic
  2193 | D:2      | Reached XP level 5. HP: 26/43 MP: 6/6
  2408 | D:2      | Found a faded altar of an unknown god.
  3570 | D:3      | Found a glowing golden altar of the Shining One.
  3609 | D:3      | Found a radiant altar of Vehumet.
  3769 | D:4      | Reached XP level 6. HP: 44/50 MP: 8/8
  3824 | D:4      | Noticed a black bear
  3834 | D:4      | Killed a black bear
  3835 | D:4      | Reached skill level 5 in Fighting
  3835 | D:4      | Reached skill level 5 in Throwing
  4502 | D:4      | Reached XP level 7. HP: 31/56 MP: 10/10
  4779 | D:4      | Found a staircase to the Ecumenical Temple.
  4916 | Temple   | Entered the Ecumenical Temple
  5059 | Temple   | Became a worshipper of Warmaster Okawaru
  5114 | D:5      | Entered Level 5 of the Dungeon
  6290 | D:5      | Reached * piety under Okawaru
  6291 | D:5      | Reached XP level 8. HP: 57/63 MP: 12/12
  6558 | D:6      | Noticed Maggie
  6778 | D:6      | Noticed Prince Ribbit
  6789 | D:6      | Blown up by Maggie

Illustrated notes

Levels and vault maps discovered:
D:1:      saegor_arrival_simple_d, layout_loops_corners, serial_shops,
          nicolae_shop_trees, minmay_domino_4
D:2:      layout_basic, basic_ecumenical_altar, minmay_box_of_dots
D:3:      layout_loops_cross, mainiacjoe_overflow_two_lobes, bh_walls_and_bars
D:4:      kennysheep_the_goblin_king, layout_gridville, temple_green,
          chequers_garden
D:5:      layout_loops_cross
D:6:      layout_rooms, nicolae_qazlal_style_of_elements, uniq_maggie,
          uniq_eustachio, uniq_prince_ribbit1, uniq_edmund
Temple:   nicolae_temple_elliptical

Skill      XL: |  1  2  3  4  5  6  7  8 |
---------------+-------------------------+-----
Invocations    | 1 2 3 |  3.4
Short Blades   | 1 2 3 |  3.1
Axes           | 1 2 3 |  3.1
Maces & Flails | 1 2 3 |  3.1
Polearms       | 1 2 3 |  3.1
Staves         | 1 2 3 |  3.1
Slings         | 1 2 3 |  3.1
Bows           | 1 2 3 |  3.1
Crossbows      | 1 2 3 |  3.1
Armour         | 1 2 3 |  3.1
Stealth        | 1 2 3 |  3.1
Shields        | 1 2 3 |  3.1
Unarmed Combat | 1 2 3 |  3.1
Spellcasting   | 1 2 3 |  3.1
Evocations     | 1 2 3 |  3.1
Conjurations   | 1 2 |  2.5
Hexes          | 1 2 |  2.5
Summonings     | 1 2 |  2.5
Necromancy     | 1 2 |  2.5
Translocations | 1 2 |  2.5
Transmutations | 1 2 |  2.5
Fire Magic     | 1 2 |  2.5
Ice Magic      | 1 2 |  2.5
Air Magic      | 1 2 |  2.5
Earth Magic    | 1 2 |  2.5
Poison Magic   | 1 2 |  2.5
Fighting       | 5 |  5.6
Throwing       | 5 |  5.6
Long Blades    | 7 |  7.3
Dodging        | 7 |  7.3

Action                   |  1- 3 |  4- 6 |  7- 9 || total
-------------------------+-------+-------+-------++-------
Melee: Long sword        |    78 |   216 |   102 ||   396
       Bite              |     4 |    17 |    16 ||    37
       Punch             |       |     1 |     3 ||     4
Throw: Throwing net      |       |       |     2 ||     2
  Use: Potion            |     1 |       |     1 ||     2
       Scroll            |       |     1 |     4 ||     5
 Stab: Sleeping          |     2 |     2 |       ||     4
       Distracted        |       |     1 |       ||     1
       Held in net/web   |       |       |     3 ||     3
Armor: Leather armour    |    19 |       |       ||    19
       Ring mail         |     7 |    81 |    35 ||   123
Dodge: Dodged            |    60 |   177 |    46 ||   283

Table legend: (Time is in decaauts)
 A = Elapsed time spent in this place.
 B = Non-inter-level travel time spent in this place.
 C = Inter-level travel time spent in this place.
 D = Time resting spent in this place.
 E = Time spent auto-exploring this place.
 F = Levels seen in this place.
 G = Mean time per level.
                   A        B        C        D        E       F      G
               +--------+--------+--------+--------+--------+-----+--------+
         Total |   6812 |   6599 |    213 |   1607 |   3977 |   7 |  973.1 |
       Dungeon |   6633 |   6454 |    179 |   1607 |   3859 |   6 | 1105.5 |
        Temple |    178 |    144 |     34 |      0 |    118 |   1 |  178.0 |
               +--------+--------+--------+--------+--------+-----+--------+

Top non-repeatable levels by time:
     D:5: 1535 daAuts
     D:1: 1489 daAuts
     D:4: 1216 daAuts
     D:3: 1186 daAuts
     D:2: 1061 daAuts
  Temple: 178 daAuts
     D:6: 143 daAuts
